Cogmind - Beta 11 @@@ ROGUE MODE // 2022.03.29 @ 16:59:28 Player: Dizzar Result: Destroyed by as-68529 with Assembled Focal Cannon Performance ------------- Evolutions (4) 2000 Regions Visited (11) 2200 Robots Destroyed (54) 270 Value Destroyed (1846) 1846 Prototype IDs (26) 520 Alien Tech Used (0) 0 Bonus (1818) 1818 TOTAL SCORE: 8654 Bonus ------- High Alert Combat Kills 28 Follower Combat Kills 73 Aligned with FarCom 300 Destroyed Z-Imprinter 1000 Exposed GOLEM Chamber 500 Friendly Fire -83 Cogmind --------- Core Integrity 0/850 Matter 14/300 Energy 100/100 System Corruption 0% Temperature Cool (18) Movement Core (700) Ox13 Location -6/Deep Caves Parts ------- > --- POWER (2) -------- (None) > --- PROPULSION (4) --- (None) > --- UTILITY (6) ------ High-capacity Storage Unit Zionite Weapon Casing > --- WEAPON (3) ------- (None) > --- INVENTORY (20) --- Light Deuterium Engine Light Angular Momentum Engine Light Angular Momentum Engine Improved Heat Sink Advanced Targeting Computer Improved Launcher Guidance Computer Weapon Cycler Hardened Medium Armor Plating Makeshift Armor Plating Layered Medium Armor Plating Layered Medium Armor Plating Gatling Laser Heavy Plasma Cannon Smartbomb Launcher Makeshift Hammer CR-A16's Pointy Stick Peak State ------------ > --- POWER ------------ Light Deuterium Engine Micro Nuclear Core > --- PROPULSION ------- Flying Fortress v7 > --- UTILITY ---------- Improved Heat Sink Large Storage Unit Kinecellerator Hardened Medium Armor Plating Improved Shield Generator Hacking Suite > --- WEAPON ----------- Gatling Laser Minigun Minigun > --- INVENTORY -------- Medium Treads Medium Treads Xenon Bombardment Thruster Improved Cesium-ion Thruster High-capacity Storage Unit Improved Signal Interpreter Advanced Targeting Computer Weapon Cycler Hardened Medium Armor Plating Improved Medium Armor Plating Recalibrator Grenade Launcher Mace [Rating: 71] Favorites ----------- Power Reinforced Deuterium Engine Engine Reinforced Deuterium Engine Power Core Micro Nuclear Core Propulsion Medium Treads Treads Medium Treads Leg Aluminum Leg Flight Unit Flying Fortress v7 Utility Improved Heat Sink Device Improved Heat Sink Storage High-capacity Storage Unit Hackware Hacking Suite Protection Layered Medium Armor Plating Weapon Minigun Energy Gun Gatling Laser Ballistic Gun Minigun Launcher Grenade Launcher Impact Weapon Makeshift Hammer Build | -11 -10 -10 -10 -9 -8 -7 -6 -6 -6 -6 -6 ------- Run | Scr Mat Min Exi Min Mat Fac Fac Low Low Zio Dee Slots Evolved 8 | . . . . . 4 2 2 . . . . Power 1 | . . . . . . . 1 . . . . Propulsion 2 | . . . . . 2 . . . . . . Utility 4 | . . . . . 1 2 1 . . . . Weapon 1 | . . . . . 1 . . . . . . Parts Attached 61 | . . 6 . . 9 11 11 7 . 1 16 Power 7 | . . 2 . . . 2 2 1 . . . Engine 4 | . . 1 . . . 1 2 . . . . Core 3 | . . 1 . . . 1 . 1 . . . Reactor . | . . . . . . . . . . . . Propulsion 9 | . . 1 . . 1 . 4 . . 1 2 Treads 6 | . . . . . . . 4 . . 1 1 Leg 1 | . . 1 . . . . . . . . . Wheel . | . . . . . . . . . . . . Hover . | . . . . . . . . . . . . Flight 2 | . . . . . 1 . . . . . 1 Utility 23 | . . 1 . . 2 7 3 5 . . 5 Device 5 | . . 1 . . . 2 1 1 . . . Storage 2 | . . . . . . 1 1 . . . . Processor . | . . . . . . . . . . . . Hackware 1 | . . . . . . 1 . . . . . Protection 15 | . . . . . 2 3 1 4 . . 5 Artifact . | . . . . . . . . . . . . Weapon 22 | . . 2 . . 6 2 2 1 . . 9 Energy Gun 1 | . . . . . . 1 . . . . . Energy Cannon . | . . . . . . . . . . . . Ballistic Gun 13 | . . 1 . . 4 1 2 1 . . 4 Ballistic Cannon . | . . . . . . . . . . . . Launcher 7 | . . 1 . . 2 . . . . . 4 Special Weapon . | . . . . . . . . . . . . Impact Weapon 1 | . . . . . . . . . . . 1 Slashing Weapon . | . . . . . . . . . . . . Piercing Weapon . | . . . . . . . . . . . . Special Melee Weapon . | . . . . . . . . . . . . Unidentified Prototypes 2 | . . . . . . . . 1 . . 1 Parts Lost 16 | . . 1 . . . . 1 3 . . 11 Power 3 | . . 1 . . . . . . . . 2 Propulsion 5 | . . . . . . . . 1 . . 4 Utility 7 | . . . . . . . 1 1 . . 5 Weapon 1 | . . . . . . . . 1 . . . Highest Loss Streak 5 | . . 1 . . . . 1 2 . . 5 To Critical Strikes . | . . . . . . . . . . . . Average Slot Usage (%) 84 | . 85 97 100 100 69 74 75 92 93 96 72 Engine 5 | . 14 7 14 14 9 3 1 6 6 6 5 Core 4 | . . 6 . . . 3 6 6 6 6 1 Treads 12 | . . . . . . . 7 22 20 23 14 Leg 3 | . 28 28 28 28 . . . . . . . Flight 1 | . . . . . 9 7 3 . . . . Device 12 | . . 12 14 14 9 17 19 13 13 13 6 Storage 7 | . 14 14 14 14 9 7 6 6 6 6 6 Hackware 1 | . . . . . . . 6 2 . . . Protection 14 | . . . . . 7 11 6 16 20 20 22 Energy Gun 4 | . 14 . . . . 3 6 6 6 6 5 Ballistic Gun 11 | . 14 20 14 14 24 19 9 10 13 13 3 Launcher 1 | . . 7 14 14 2 . . . . . . Naked Turns . | . . . . . . . . . . . . Heaviest Build 101 | 13 13 16 16 16 23 50 88 101 101 101 101 Greatest Support 104 | 20 20 20 20 20 50 50 96 96 76 104 104 Greatest Overweight (x) 13 | . . . . . . . 1 1 1 1 13 Average Overweight (x) . | . . . . . . . . . 1 . . Largest Inventory Capacity 20 | . 8 8 8 8 8 15 20 20 20 20 20 Average Capacity 17 | . 8 8 8 8 8 14 16 20 20 20 20 Most Carried 20 | . 8 8 8 8 8 15 18 20 20 20 20 Average Carried 16 | . 6 7 7 8 6 12 15 19 19 19 18 Final Capacity 20 | 8 8 8 8 8 8 15 20 20 20 20 20 Final Carried 20 | 6 8 7 8 8 8 15 18 20 20 20 17 Class Distribution -------------------- 30% | Scavenger-Tank 29% | Mutant 17% | Scavenger-Mutant 10% | Tank 5% | Gunner Dominant Class ---------------- Mutant | -10/Materials Mutant | -10/Mines Mutant | -10/Exiles Mutant | -9/Mines Skirmisher | -8/Materials Tank | -7/Factory Mutant | -6/Factory Scavenger-Tank | -6/Lower Caves Scavenger-Tank | -6/Lower Caves Scavenger-Tank | -6/Zion Mutant | -6/Deep Caves Resources | -11 -10 -10 -10 -9 -8 -7 -6 -6 -6 -6 -6 ----------- Run | Scr Mat Min Exi Min Mat Fac Fac Low Low Zio Dee Matter Collected 1736 | 200 . 58 . . 361 345 301 314 6 20 131 Remotely . | . . . . . . . . . . . . Salvage Created 2117 | . . 140 . 17 241 462 396 519 66 . 276 Parts 118 | . . 5 . 4 19 33 23 14 3 . 17 Haulers Intercepted 1 | . . . . . . . . 1 . . . Recyclers Shooed 2 | . . . . . . 1 1 . . . . Parts Field Recycled . | . . . . . . . . . . . . Retrieved Matter . | . . . . . . . . . . . . Parts Self-Destructed 15 | . . . . . . . . 12 3 . . Prevented . | . . . . . . . . . . . . Kills | -11 -10 -10 -10 -9 -8 -7 -6 -6 -6 -6 -6 ------- Run | Scr Mat Min Exi Min Mat Fac Fac Low Low Zio Dee Combat Hostiles Destroyed 62 | . . 20 . 3 9 3 8 8 1 . 10 Guns 31 | . . 4 . . 5 3 8 7 1 . 3 AOE 30 | . . 16 . 3 4 . . . . . 7 Classes Destroyed 15 | . . 2 . 1 3 3 3 1 1 . 1 Worker 1 | . . . . . . . 1 . . . . Builder 1 | . . . . . . . 1 . . . . Tunneler 1 | . . . . . . 1 . . . . . Hauler 1 | . . . . . . . . 1 . . . Recycler 3 | . . . . . . 3 . . . . . Operator 2 | . . . . . 1 1 . . . . . Watcher 3 | . . . . . 1 2 . . . . . Swarmer 12 | . . . . 3 6 . 2 1 . . . Grunt 11 | . . 2 . . . . 3 6 . . . Brawler 1 | . . . . . . . 1 . . . . Sentry 7 | . . . . . 3 2 1 1 . . . Hunter 1 | . . . . . . . . . 1 . . Programmer 2 | . . . . . . 1 1 . . . . Z-Technician 4 | . . . . . . . . . . . 4 Z-Light 7 | . . . . . . . . . . . 7 Assembled 20 | . . 18 . . . . . . . . 2 Best Kill Streak 18 | . . 18 . 3 6 3 4 2 1 . 4 Combat Bots Only 18 | . . 18 . 3 5 1 3 2 1 . 3 Max Kills in Single Turn 4 | . . 4 . 3 2 2 2 1 1 . 1 Gunslinging . | . . . . . . . . . . . . Exploded 4 | . . 4 . 3 1 . . . . . 1 Melee . | . . . . . . . . . . . . Uniques/NPCs Destroyed 1 | . . . . . . . . . . . 1 Z-Imprinter (-6/Deep Caves) Combat | -11 -10 -10 -10 -9 -8 -7 -6 -6 -6 -6 -6 -------- Run | Scr Mat Min Exi Min Mat Fac Fac Low Low Zio Dee Damage Taken 5458 | . . 341 . . 213 219 444 937 60 . 3244 Core 956 | . . 42 . . 15 10 7 73 . . 809 Absorbed by Shields 117 | . . . . . . . 117 . . . . Redirected to Shielding 188 | . . . . . . . . . 15 . 173 Core Remaining (%) 94 | 100 . . . 83 97 98 . . . . . Volleys Fired 144 | . . 16 . 1 12 18 23 35 2 . 37 Largest 3 | . . 2 . 2 3 3 3 3 3 . 3 Hottest 135 | . . 50 . 50 80 130 130 130 135 . 135 Shots Fired 311 | . . 32 . 2 36 53 65 71 6 . 46 Gun 277 | . . 23 . 1 29 53 65 71 6 . 29 Cannon . | . . . . . . . . . . . . Launcher 34 | . . 9 . 1 7 . . . . . 17 Special . | . . . . . . . . . . . . Kinetic 207 | . . 23 . 1 29 48 44 48 4 . 10 Thermal 70 | . . . . . . 5 21 23 2 . 19 Explosive 34 | . . 9 . 1 7 . . . . . 17 Electromagnetic . | . . . . . . . . . . . . Robot Hit Streak 19 | . . 8 . . 6 10 15 11 6 . 19 Robot Miss Streak 8 | . . 3 . . 1 2 3 4 1 . 8 Penetration Max . | . . . . . . . . . . . . Secondary Targets 2 | . . . . . . . . 2 . . . Max Gunslinging Chain 1 | . . . . . . . . 1 . . . Shots Hit Robots 204 | . . 18 . . 14 34 52 52 6 . 28 Core Hits 180 | . . 43 . 2 16 20 27 29 4 . 39 Critical Kills 1 | . . . . . . . 1 . . . . Critical Parts Destroyed 1 | . . . . . . 1 . . . . . Critical Strikes 2 | . . . . . . 1 1 . . . . Destroy 2 | . . . . . . 1 1 . . . . Melee Attacks 1 | . . . . . . . . . . . 1 Impact 1 | . . . . . . . . . . . 1 Slashing . | . . . . . . . . . . . . Piercing . | . . . . . . . . . . . . Sneak Attacks . | . . . . . . . . . . . . Combat Hostiles . | . . . . . . . . . . . . Follow-up Attacks . | . . . . . . . . . . . . Damage Inflicted 7142 | . . 1184 . 177 535 675 960 1029 86 . 2496 Guns 3473 | . . 160 . . 218 675 960 1029 86 . 345 Cannons . | . . . . . . . . . . . . Explosions 3669 | . . 1024 . 177 317 . . . . . 2151 Melee . | . . . . . . . . . . . . Ramming . | . . . . . . . . . . . . Kinetic 2148 | . . 160 . . 218 572 601 517 44 . 36 Thermal 1325 | . . . . . . 103 359 512 42 . 309 Explosive 3669 | . . 1024 . 177 317 . . . . . 2151 Electromagnetic . | . . . . . . . . . . . . Impact . | . . . . . . . . . . . . Slashing . | . . . . . . . . . . . . Piercing . | . . . . . . . . . . . . Highest Corruption 1 | . . . . . . 1 1 1 1 1 . Average Corruption 1 | . . . . . . 1 1 1 1 1 . Corruption Purged . | . . . . . . . . . . . . Corruption Blocked . | . . . . . . . . . . . . Effects 16 | . . . . . . . 1 12 3 . . Message Errors 4 | . . . . . . . . 2 2 . . Matter Fused 5 | . . . . . . . 1 4 . . . Heat Flow Errors 1 | . . . . . . . . 1 . . . Energy Discharges 3 | . . . . . . . . 2 1 . . Parts Rejected 1 | . . . . . . . . 1 . . . Data Loss (minor) 1 | . . . . . . . . 1 . . . Misfires 1 | . . . . . . . . 1 . . . Overload Shots . | . . . . . . . . . . . . Overflow Damage 74 | . . 15 . 3 3 . . . . . 53 Projectiles . | . . . . . . . . . . . . Explosions 74 | . . 15 . 3 3 . . . . . 53 Melee . | . . . . . . . . . . . . Knockbacks . | . . . . . . . . . . . . Impact . | . . . . . . . . . . . . Kinetic . | . . . . . . . . . . . . Secondary . | . . . . . . . . . . . . Self-Inflicted Damage 105 | . . 57 . . 48 . . . . . . Shots 6 | . . 4 . . 2 . . . . . . Rammed . | . . . . . . . . . . . . Targets Rammed . | . . . . . . . . . . . . Kicked . | . . . . . . . . . . . . Crushed . | . . . . . . . . . . . . Highest Temperature 533 | . . 12 . . 40 170 264 533 126 . 324 Average Temperature 122 | . . 6 . . 14 40 80 203 66 . 116 Received Heat Transfer 1315 | . . 125 . . 27 48 56 465 . . 594 Effects 12 | . . . . . . . . 12 . . . Shutdowns 5 | . . . . . . . . 5 . . . Interference 5 | . . . . . . . . 5 . . . Matter Decay 1 | . . . . . . . . 1 . . . Damage (major) 1 | . . . . . . . . 1 . . . Siege Activations . | . . . . . . . . . . . . Robots Corrupted . | . . . . . . . . . . . . Combat Hostiles . | . . . . . . . . . . . . Parts Fried . | . . . . . . . . . . . . Impact Corruptions . | . . . . . . . . . . . . Robots Melted 1 | . . . . . . . . 1 . . . Combat Hostiles 1 | . . . . . . . . 1 . . . Parts Melted 6 | . . . . . . 1 . 3 . . 2 Heat Transferred 3000 | . . . . . . 225 825 1150 100 . 700 Parts Sabotaged . | . . . . . . . . . . . . Parts Stolen . | . . . . . . . . . . . . Parts Stripped . | . . . . . . . . . . . . Power Chain Reactions . | . . . . . . . . . . . . Missiles Intercepted . | . . . . . . . . . . . . Alert | -11 -10 -10 -10 -9 -8 -7 -6 -6 -6 -6 -6 ------- Run | Scr Mat Min Exi Min Mat Fac Fac Low Low Zio Dee Peak Influence 535 | . . 125 . 130 535 315 174 . . . . Initial 242 | . . . . . 50 242 . . . . . Average 139 | . . 83 . 59 268 229 49 . . . . Maximum Alert Level 2 | . . . . . 2 1 . . . . . Low Security (%) 65 | . 100 100 . 100 40 21 100 . . . . Level 1 32 | . . . . . 36 78 . . . . . Level 2 1 | . . . . . 22 . . . . . . Level 3 . | . . . . . . . . . . . . Level 4 . | . . . . . . . . . . . . Level 5 . | . . . . . . . . . . . . High Security . | . . . . . . . . . . . . Max Security . | . . . . . . . . . . . . Squads Dispatched 6 | . . . . . 4 1 1 . . . . Investigation . | . . . . . . . . . . . . Extermination 1 | . . . . . . . 1 . . . . Reinforcement 5 | . . . . . 4 1 . . . . . Assault . | . . . . . . . . . . . . Garrison . | . . . . . . . . . . . . Intercept . | . . . . . . . . . . . . Searches Triggered . | . . . . . . . . . . . . Construction Impeded 1 | . . . . . 1 . . . . . . Haulers Reinforced . | . . . . . . . . . . . . Active Scanning Responses . | . . . . . . . . . . . . Cargo Convoy Interrupts . | . . . . . . . . . . . . Stealth | -11 -10 -10 -10 -9 -8 -7 -6 -6 -6 -6 -6 --------- Run | Scr Mat Min Exi Min Mat Fac Fac Low Low Zio Dee Distress Signals 2 | . . . . . 1 . 1 . . . . Communications Jammed . | . . . . . . . . . . . . Distress Signals . | . . . . . . . . . . . . Times Spotted 90 | . . 21 . 5 18 7 12 10 1 . 16 Peak Tracking Total 18 | . . 18 . 3 4 2 4 5 1 . 6 Tactical Retreats 5 | . . . . . 1 . 1 2 . . 1 Traps | -11 -10 -10 -10 -9 -8 -7 -6 -6 -6 -6 -6 ------- Run | Scr Mat Min Exi Min Mat Fac Fac Low Low Zio Dee Traps Triggered 1 | . . . . . . 1 . . . . . Indirectly . | . . . . . . . . . . . . Trap Hack Attempts . | . . . . . . . . . . . . Triggered . | . . . . . . . . . . . . Disarmed . | . . . . . . . . . . . . Reprogrammed . | . . . . . . . . . . . . Reused . | . . . . . . . . . . . . Traps Extracted . | . . . . . . . . . . . . Installed . | . . . . . . . . . . . . Triggered . | . . . . . . . . . . . . Machines | -11 -10 -10 -10 -9 -8 -7 -6 -6 -6 -6 -6 ---------- Run | Scr Mat Min Exi Min Mat Fac Fac Low Low Zio Dee Machines Disabled 4 | . . . . . 3 . . . . . 1 Max in Single Turn 1 | . . . . . 1 . . . . . 1 Machines Sabotaged . | . . . . . . . . . . . . Garrisons Compromised . | . . . . . . . . . . . . Overloaded Fab Kills . | . . . . . . . . . . . . Hacking | -11 -10 -10 -10 -9 -8 -7 -6 -6 -6 -6 -6 --------- Run | Scr Mat Min Exi Min Mat Fac Fac Low Low Zio Dee Machines Accessed 16 | . 1 . 2 . 2 4 6 1 . . . Terminals 9 | . 1 . . . 2 2 4 . . . . Fabricators 1 | . . . . . . . 1 . . . . Repair Stations . | . . . . . . . . . . . . Recycling Units 2 | . . . . . . 1 1 . . . . Scanalyzers 1 | . . . . . . 1 . . . . . Garrison Access . | . . . . . . . . . . . . Total Hacks 40 | . 3 . 2 . 7 13 14 1 . . . Successful 30 | . 2 . 2 . 3 9 13 1 . . . Failed 10 | . 1 . . . 4 4 1 . . . . Catastrophic 2 | . . . . . . 2 . . . . . Database Lockouts . | . . . . . . . . . . . . Manual 33 | . 3 . 1 . 7 8 10 . . 4 . Terminals 32 | . 3 . . . 7 11 11 . . . . Fabricators 1 | . . . . . . . 1 . . . . Repair Stations . | . . . . . . . . . . . . Recycling Units 3 | . . . . . . 1 2 . . . . Scanalyzers 1 | . . . . . . 1 . . . . . Garrison Access . | . . . . . . . . . . . . Terminal Hacks 17 | . 1 . 2 . 1 7 5 1 . . . Record 1 | . . . 1 . . . . . . . . Open Door 1 | . . . . . . . . 1 . . . Level Access Points 2 | . . . . . 1 1 . . . . . Branch Access Points 2 | . 1 . . . . . 1 . . . . Emergency Access Points 1 | . . . . . . 1 . . . . . Terminal Index 1 | . . . . . . . 1 . . . . Repair Station Index 1 | . . . . . . 1 . . . . . Unreport Threat 4 | . . . . . . 2 2 . . . . Investigation Status 1 | . . . . . . 1 . . . . . Zone Layout 2 | . . . . . . 1 1 . . . . EX-Prototype ID Bank 1 | . . . 1 . . . . . . . . Fabricator Hacks 1 | . . . . . . . 1 . . . . Build 1 | . . . . . . . 1 . . . . Repair Station Hacks . | . . . . . . . . . . . . Recycling Unit Hacks 1 | . . . . . . . 1 . . . . Retrieve Components 1 | . . . . . . . 1 . . . . Scanalyzer 1 | . . . . . . 1 . . . . . Insert Component 1 | . . . . . . 1 . . . . . Garrison Access Hacks . | . . . . . . . . . . . . Unauthorized Hacks 10 | . 1 . . . 2 1 6 . . . . Terminals 8 | . 1 . . . 2 . 5 . . . . Botnet 7 | . 1 . . . 2 . 4 . . . . Operators 1 | . . . . . . . 1 . . . . Fabricators . | . . . . . . . . . . . . Repair Stations . | . . . . . . . . . . . . Recycling Units 2 | . . . . . . 1 1 . . . . Reject 2 | . . . . . . 1 1 . . . . Scanalyzers . | . . . . . . . . . . . . Garrison Access . | . . . . . . . . . . . . Data Cores Recovered . | . . . . . . . . . . . . Used . | . . . . . . . . . . . . Hacking Detections 10 | . . . . . 2 2 6 . . . . Full Trace Events . | . . . . . . . . . . . . Feedback Events . | . . . . . . . . . . . . Feedback Blocked . | . . . . . . . . . . . . Robot Schematics Acquired 3 | . . . . . . . . . . 3 . Robots Built . | . . . . . . . . . . . . Authchips . | . . . . . . . . . . . . Time . | . . . . . . . . . . . . Total Robot Build Rating . | . . . . . . . . . . . . Part Schematics Acquired 15 | . . . . . . . . . . 15 . Parts Built 1 | . . . . . . . 1 . . . . Authchips . | . . . . . . . . . . . . Time 35 | . . . . . . . 35 . . . . Total Part Build Rating 6 | . . . . . . . 6 . . . . Parts Repaired . | . . . . . . . . . . . . Time . | . . . . . . . . . . . . Parts Recycled . | . . . . . . . . . . . . Recycled Matter . | . . . . . . . . . . . . Retrieved Matter . | . . . . . . . . . . . . Retrieved Components 2 | . . . . . . . 2 . . . . Parts Scanalyzed . | . . . . . . . . . . . . Part Schematics Acquired . | . . . . . . . . . . . . Parts Damaged . | . . . . . . . . . . . . Bothacking | -11 -10 -10 -10 -9 -8 -7 -6 -6 -6 -6 -6 ------------ Run | Scr Mat Min Exi Min Mat Fac Fac Low Low Zio Dee Used RIF Installer . | . . . . . . . . . . . . Robots Hacked . | . . . . . . . . . . . . Non-combat . | . . . . . . . . . . . . Combat . | . . . . . . . . . . . . Robot Hacks Applied . | . . . . . . . . . . . . Relay Couplers Released . | . . . . . . . . . . . . Fabnet Peak Effective % . | . . . . . . . . . . . . Robots Rewired . | . . . . . . . . . . . . Allies Hacked . | . . . . . . . . . . . . Hacks Repelled . | . . . . . . . . . . . . Allies | -11 -10 -10 -10 -9 -8 -7 -6 -6 -6 -6 -6 -------- Run | Scr Mat Min Exi Min Mat Fac Fac Low Low Zio Dee Total Allies 5 | . . . . 5 . . . . . . . Largest Group 5 | . . . . 5 3 . . . . . . Highest-Rated Group 90 | . . . . 90 40 . . . . . . Highest-Rated Ally 31 | . . . . 31 16 . . . . . . Total Orders . | . . . . . . . . . . . . Ally Attacks 28 | . . . . 7 21 . . . . . . Total Damage 235 | . . . . 21 214 . . . . . . Kills 5 | . . . . 1 4 . . . . . . Allies Corrupted . | . . . . . . . . . . . . Allies Melted . | . . . . . . . . . . . . Intel | -11 -10 -10 -10 -9 -8 -7 -6 -6 -6 -6 -6 ------- Run | Scr Mat Min Exi Min Mat Fac Fac Low Low Zio Dee Robot Analysis Total . | . . . . . . . . . . . . Derelict Logs Recovered 5 | . . 1 . . . . . 1 1 2 . Drone Launches . | . . . . . . . . . . . . Drone Recoveries . | . . . . . . . . . . . . Exploration | -11 -10 -10 -10 -9 -8 -7 -6 -6 -6 -6 -6 ------------- Run | Scr Mat Min Exi Min Mat Fac Fac Low Low Zio Dee Turns Passed 6261 | . 64 361 290 95 183 804 659 1318 357 735 1395 Spaces Moved 4462 | 1 52 225 239 74 217 1238 607 574 146 387 702 Core 2 | . . . . . . . . . . . 2 Treads 1725 | . . . . . . . 115 574 146 387 503 Legs 591 | 1 52 225 239 74 . . . . . . . Wheels . | . . . . . . . . . . . . Hover . | . . . . . . . . . . . . Flight 2144 | . . . . . 217 1238 492 . . . 197 Fastest Speed 50 | 120 120 120 120 120 50 50 50 160 240 160 50 Average Speed 121 | 120 120 120 120 120 50 50 71 207 240 188 179 Slowest Speed 700 | 120 120 120 120 120 50 50 240 240 240 240 700 Overloaded Moves . | . . . . . . . . . . . . Propulsion Burnouts . | . . . . . . . . . . . . Robots Hopped 9 | . . . . . 1 3 2 . . . 3 Cave-ins Triggered . | . . . . . . . . . . . . Exploration Rate (%) 37 | 2 15 53 60 24 28 28 15 70 32 57 69 Regions Visited 11 Branch Regions 7 Pre-discovered Areas 4 | . . 1 1 . . . . . . 2 . Known Exits Taken 4 | . 1 . . . 1 1 1 . . . . Unknown Exits Taken 7 | 1 . 1 1 1 . . . 1 1 1 . Scrap Searched 9 | . . . . . . . . 6 1 2 . Spaces Dug . | . . . . . . . . . . . . Terrain Destroyed 144 | . . 49 . 7 42 . . . . . 46 Melee . | . . . . . . . . . . . . Projectile 1 | . . . . . . . . . . . 1 AOE 143 | . . 49 . 7 42 . . . . . 45 Terrain Rammed . | . . . . . . . . . . . . Walls Destroyed . | . . . . . . . . . . . . Machines Disabled . | . . . . . . . . . . . . Actions | -11 -10 -10 -10 -9 -8 -7 -6 -6 -6 -6 -6 --------- Run | Scr Mat Min Exi Min Mat Fac Fac Low Low Zio Dee Total 5087 | . 53 286 244 78 266 1391 786 644 150 393 796 Wait 326 | . . 33 . 4 23 88 130 23 1 . 24 Move 4434 | . 51 224 238 73 214 1231 602 573 145 386 697 Hop 8 | . . . . . 1 3 2 . . . 2 Pick Up 37 | . 2 3 2 . 3 12 8 2 1 3 1 Fast Attach 23 | . . 1 . . 3 5 1 6 . 1 6 Attach 23 | . . 2 . . 1 2 8 1 . . 9 Detach 15 | . . . . . 1 2 4 . . . 8 Swap 16 | . . 3 . . 5 4 2 1 . . 1 Drop 45 | . . 4 4 . 3 11 6 3 1 3 10 Fire 144 | . . 16 . 1 12 18 23 35 2 . 37 Melee 1 | . . . . . . . . . . . 1 Ram . | . . . . . . . . . . . . Kick . | . . . . . . . . . . . . Crush . | . . . . . . . . . . . . Escape Stasis 15 | . . . . . . 15 . . . . . Rewire . | . . . . . . . . . . . . Trap . | . . . . . . . . . . . . Miscellaneous . | . . . . . . . . . . . . Route ------- -11/Scrapyard -10/Materials (discovered 2 exits: *Min x2) -10/Mines -10/Exiles -9/Mines -8/Materials (discovered 3 exits: *Fac x3) -7/Factory (discovered 4 exits: *Fac x4) -6/Factory (discovered 3 exits: [*Fac] / *Low x2) -6/Lower Caves -6/Lower Caves -6/Zion -6/Deep Caves History --------- Turn | Location | Event 1 | -11/Scrapyard | Discovered new exit (range 0) 1 | -11/Scrapyard | Entered Materials 20 | -10/Materials | Identified exit to Mines 65 | -10/Materials | Entered Mines 129 | -10/Mines | Learned location of Storage (-8) 238 | -10/Mines | Assembled infested the area 286 | -10/Mines | Destroyed 18 combat bots 301 | -10/Mines | Build established: Mutant 403 | -10/Mines | Deemed a non-threat by the Exiles lab entrance 403 | -10/Mines | Discovered new exit (range 5) 426 | -10/Mines | Entered Exiles 456 | -10/Exiles | Met 8R-AWN 477 | -10/Exiles | Met EX-HEX 514 | -10/Exiles | Met EX-BIN 527 | -10/Exiles | Aligned with FarCom system 528 | -10/Exiles | Given EX-Vault access code 556 | -10/Exiles | Opened EX-Vault 567 | -10/Exiles | Found Flying Fortress v7 595 | -10/Exiles | Warned to stay clear of 0b10 Research branches 632 | -10/Exiles | Met EX-DEC 638 | -10/Exiles | Learned location of Zion (-6) 700 | -10/Exiles | Discovered new exit (range 14) 716 | -10/Exiles | Left Exiles lab with Flying Fortress v7 716 | -10/Exiles | Entered Mines 727 | -9/Mines | Assisted by bots powering up and referring to "LRC-V3" 797 | -9/Mines | Discovered new exit (range 12) 811 | -9/Mines | Entered Materials 811 | -8/Materials | Accompanied by 3 allies 811 | -8/Materials | Evolved 4 slots: Propulsion x2, Utility x1, Weapon x1 976 | -8/Materials | Discovered new exit (range 8) 984 | -8/Materials | Identified exit to Factory 994 | -8/Materials | Entered Factory 994 | -7/Factory | Evolved 2 slots: Utility x2 1287 | -7/Factory | Build established: Tank 1567 | -7/Factory | Discovered new exit (range 4) 1721 | -7/Factory | Build established: Gunner 1762 | -7/Factory | Identified exit to Factory 1798 | -7/Factory | Entered another Factory area 1798 | -6/Factory | Evolved 2 slots: Power x1, Utility x1 1805 | -6/Factory | Identified exit to Lower Caves 1916 | -6/Factory | Discovered new exit (range 3) 2206 | -6/Factory | Fabricated Smartbomb Launcher (x1) 2457 | -6/Factory | Entered Lower Caves 2686 | -6/Lower Caves | Attracted the attention of an 0b10 checkpoint 2781 | -6/Lower Caves | Build established: Scavenger-Tank 2806 | -6/Lower Caves | Learned Factory stockpile data 3025 | -6/Lower Caves | Found Imp. Powered Armor 3158 | -6/Lower Caves | Build established: Scavenger-Mutant 3706 | -6/Lower Caves | Encountered a Warlord checkpoint 3715 | -6/Lower Caves | Discovered new exit (range 4) 3748 | -6/Lower Caves | Build established: Scavenger-Tank 3775 | -6/Lower Caves | Entered another Lower Caves area 3905 | -6/Lower Caves | Learned Factory security intel 4118 | -6/Lower Caves | Discovered new exit (range 7) 4132 | -6/Lower Caves | Entered Zion 4317 | -6/Zion | System corruption cleaned by Quarantine Array 4544 | -6/Zion | Learned Factory trap positions 4634 | -6/Zion | Acquired unknown access codes intercepted by a Zionite 4665 | -6/Zion | Found CR-A16's Pointy Stick 4750 | -6/Zion | Learned Factory terminal intel 4837 | -6/Zion | Opened final containment barrier to the Deep Caves 4862 | -6/Zion | Discovered new exit (range 3) 4862 | -6/Zion | Saw the warning signs outside the Deep Caves entrance 4867 | -6/Zion | Entered Deep Caves 4991 | -6/Deep Caves | Attacked by Z-Imprinter 5017 | -6/Deep Caves | Destroyed Z-Imprinter 5045 | -6/Deep Caves | Lost 3 parts (2n1u) 5051 | -6/Deep Caves | Found Prototype Protection 5051 | -6/Deep Caves | Identified Zio. Weapon Casing 5285 | -6/Deep Caves | Z-Facility disabled 5386 | -6/Deep Caves | Found Zio. Weapon Casing 5411 | -6/Deep Caves | Found Zio. Weapon Casing 5718 | -6/Deep Caves | Build established: Mutant 6037 | -6/Deep Caves | Exposed GOLEM chamber 6073 | -6/Deep Caves | Spotted as-68529 6114 | -6/Deep Caves | Lost 5 parts (1p1n3u) 6251 | -6/Deep Caves | Core integrity fell below 50% 6259 | -6/Deep Caves | Core integrity fell below 20% 6262 | -6/Deep Caves | Destroyed by as-68529 with Assembled Focal Cannon Last Messages --------------- 05581_ Acquired 12 matter. 05869_ as-27369 destroyed. 05883_ Acquired 9 matter. 05897_ Destroyed Asb. Hover Unit. 05897_ as-68799 destroyed. 05901_ as-77077 destroyed. 05903_ Acquired 9 matter. 05906_ Acquired 12 matter. 06033_ Dropped Gatling Laser. 06034_ Acquired Gatling Laser. 06037_ 3E-F1R(s) destroyed. 06053_ Imp. Powered Armor destroyed. 06076_ as-68529: "DSI9AT1D G8OHIBQ29FWG 26R186 QD12WHW8W33 TDK1 81FTS" 06076_ Med. Treads destroyed. 06076_ Rnf. Deuterium Engine destroyed. 06079_ Imp. Medium Armor Plating destroyed. 06083_ Imp. Utility Shielding destroyed. 06141_ Dropped Med. Treads. 06141_ Dropped Lgt. Treads. 06250_ Flying Fortress v7 destroyed. Map ----- +----------------------------------------------------+ | # | | [ #? | | #? | | ## | | " " # | | """""" | | """"" """""""" | | """"""""""" | | """""""""""""" | | """""""""""""" | | ""?""""""""""" # | | ""??"""""""""" # | | ""??""""" "!" ## | | ???"""""" = = | | ???""""" * = | | ????"""""" ! | | ??????""""""" | | ??????""""""""" # | | ????"""""""""""" * # | | ????""""" # | | ???""""" """ ## | | ??"""""" """"" ##? | | ??"""""" """""""z ##? | | """"" """"""" ## | | """" """""""z # | | """" """""@ # | | """" """ ## | | ? """" G #? | | """""""""z o ## | | """""""" # | | # | | | | | | | | | | | | ##### | | ### ##? ;;;#???#;# #### | | #?? #??? ;####?????##"###??## | | ????##????## ######??????????##??????# ## | | ???????????##########?????????????????????????###? | | ?????????????????????????????????????????????????? | | | | | | | | | | | | | | | | | +----------------------------------------------------+ Best States ------------- Heat Dissipation 51 Energy Generation 29 Energy Capacity 350 Matter Stores 300 Matter Capacity 300 Sight Range 16 Terrain Scan Density 10 Armor Coverage 625 Utility Shielding 66 Weapon Shielding 100 Weapon Cycling 15 Evasion (%) 60 Recoil Reduction 4 Kinecelleration 30 Offensive Hacking 10 Item Schematics ----------------- Adv. Melee Analysis Suite | -6/Zion | Archive Lyr. Heavy Armor Plating | -6/Zion | Archive Beamcaster | -6/Zion | Archive Imp. Dynamic Insulation System | -6/Zion | Archive Hpw. Shock Rifle | -6/Zion | Archive Imp. Shock Absorption System | -6/Zion | Archive Drone Bay | -6/Zion | Archive Phase Gun | -6/Zion | Archive Adv. Transmission Jammer | -6/Zion | Archive Bore Cannon | -6/Zion | Archive Hyp. Gauss Cannon | -6/Zion | Archive Adv. Plasma Cannon | -6/Zion | Archive Force Field | -6/Zion | Archive Imp. Reaction Control System | -6/Zion | Archive KE Penetrator | -6/Zion | Archive Robot Schematics ------------------ R-10 Processor | -6/Zion | Archive G-50 Soldier | -6/Zion | Archive L-41 Fighter | -6/Zion | Archive Fabricated ------------ Smartbomb Launcher | x1 | -6/Factory | Preloaded Alien Tech Used ----------------- None Achievements -------------- None Challenges ------------ None Game ------ Seed PotentialRecoilDatajack Manual? 0 Play Time 01:02:00 Cumulative 35.1 hours Start 2022.03.28 @ 21:37:05 End 2022.03.29 @ 16:59:28 Sessions 3 Manual Loads 0 Difficulty Rogue Special Mode None Game No. 44 Rogue 44 Adventurer 0 Explorer 0 Win Type - Total 2 Types 2/0/0/0/0/0/0/0/0 Lore% 33 Gallery% 37 Achievement% 35 Wizard Run 0 Options --------- ASCII 0 Keyboard 0 Movement Mouse Keybinds 0 Fullscreen 1 Font 18/SmallcapsGlow Map View 76x50 Tactical HUD 1 Map Filters NONE Filters NONE Steam 1 RUN: 33ad63c3-fe3a-44bf-907b-4173a7ba21cf